 Dungeon Crawl Stone Soup version 0.25.1-11-g244df3a29b (webtiles) character file.

Game seed: 1152914835614086944

656801 DeepDeath the Conqueror (level 27, -2/273 HPs)
             Began as a Minotaur Fighter on Jan 10, 2024.
             Was an Initiate of Gozag.
             Killed from afar by a Brimstone Fiend (41 damage)
             ... with damnation
             ... on level 5 of the Depths on Jan 12, 2024.
             The game lasted 06:38:42 (82876 turns).

DeepDeath the Conqueror (Minotaur Fighter)         Turns: 82876, Time: 06:38:42

Health: -2/273     AC: 40    Str: 30    XL:     27
Magic:  31/31      EV: 14    Int: 10    God:    Gozag
Gold:   2794       SH: 35    Dex: 13    Spells: 26/26 levels left

rFire    + + +     SeeInvis +   d - +4 scimitar (holy)
rCold    + + .     Gourm    .   e - +18 shield of the Gong {rElec rN+ MR+ EV-5}
rNeg     + + .     Faith    .   B - +1 crystal plate armour of the Sacrificial Victim {rElec rF++ Dex-3 Slay+3}
rPois    +         Spirit   .   C - +3 crown of Dyrovepreva {rElec Int+2 SInv}
rElec    +         Reflect  .   x - scarf {repulsion}
rCorr    +         Harm     .   D - +0 pair of fencer's gloves {Riposte Dex+3}
MR       +++++                  T - +0 pair of boots of Anaesthesia {rF++ rN+ MR+ Dex-3}
Stlth    ..........             S - amulet of Ofag {rF+ rC+ Regen+ Str+2 Dex+2}
HPRegen  0.95/turn              h - ring of Kefeost {rPois rC+ MR++ SInv}
MPRegen  0.22/turn              a - ring of the Octopus King {rCorr AC+1 EV+1 Str+1 Int+1 Dex+1}

@: flying, hasted, repel missiles, very quick
A: retaliatory headbutt, horns 2, clumsy 1, subdued magic 1
0: Orb of Zot
}: 3/15 runes: decaying, silver, gossamer
a: Potion Petition, Call Merchant, Bribe Branch, Renounce Religion


You were on level 5 of the Depths.
You worshipped Gozag.
Gozag was most pleased with you.
You were not hungry.

You visited 11 branches of the dungeon, and saw 53 of its levels.
You also visited: Trove, Sewer and Ice Cave.

You collected 36520 gold pieces.
You spent 17491 gold pieces at shops.
You paid 16235 gold pieces to Gozag.

Inventory:

Hand Weapons
 d - a +4 scimitar of holy wrath (weapon)
 q - the +6 hunting sling "Sarcophage" {venom, +Blink}
   (You bought it in a shop on level 1 of the Elven Halls)

   It poisons the ammo it fires.
   It lets you blink.
 s - the +3 double sword "Peipsi" {flame, rElec}
   (You acquired it on level 15 of the Dungeon)

   It has been specially enchanted to burn those struck by it, causing extra
   injury to most foes and up to half again as much damage against particularly
   susceptible opponents.
   Big, fiery blades are also staple armaments of hydra-hunters.
   It insulates you from electricity.
 v - a +3 vampiric long sword
 w - a +7 demon blade of freezing
Missiles
 A - 4 silver boomerangs (quivered)
 G - 65 sling bullets
 J - 16 silver javelins
 N - 3 throwing nets
 Z - 2 curare-tipped darts
Armour
 e - the +18 shield of the Gong (worn) {rElec rN+ MR+ EV-5}
   (You bought it in a shop on level 1 of the Vaults)

   It affects your evasion (-5).
   It insulates you from electricity.
   It protects you from negative energy.
   It affects your resistance to hostile enchantments.
 x - a scarf of repulsion (worn)
 B - the +1 crystal plate armour of the Sacrificial Victim (worn) {rElec rF++ Dex-3 Slay+3}
   (You bought it in a shop on level 1 of the Vaults)

   It affects your dexterity (-3).
   It affects your accuracy and damage with ranged weapons and melee attacks
   (+3).
   It greatly protects you from fire.
   It insulates you from electricity.
 C - the +3 crown of Dyrovepreva (worn) {rElec Int+2 SInv}
   (You bought it in a shop on level 2 of the Lair of Beasts)

   It affects your intelligence (+2).
   It insulates you from electricity.
   It lets you see invisible.
 D - the +0 pair of fencer's gloves (worn) {Riposte Dex+3}
   (You found it on level 3 of the Elven Halls)

   It affects your dexterity (+3).
 T - the +0 pair of boots of Anaesthesia (worn) {rF++ rN+ MR+ Dex-3}
   (You acquired it on level 3 of the Realm of Zot)

   It affects your dexterity (-3).
   It greatly protects you from fire.
   It protects you from negative energy.
   It affects your resistance to hostile enchantments.
Jewellery
 a - a ring of the Octopus King (right hand) {rCorr AC+1 EV+1 Str+1 Int+1 Dex+1}
   (You bought it in a shop on level 1 of the Depths)

   [ring of resist corrosion]

   It affects your AC (+1).
   It affects your evasion (+1).
   It affects your strength (+1).
   It affects your intelligence (+1).
   It affects your dexterity (+1).
   It provides partial protection from all sources of acid and corrosion.
 h - the ring of Kefeost (left hand) {rPois rC+ MR++ SInv}
   (You bought it in a shop on level 2 of the Lair of Beasts)

   [ring of protection from cold]

   It protects you from cold.
   It protects you from poison.
   It affects your resistance to hostile enchantments.
   It lets you see invisible.
 j - the ring of Faimue {rN+ Dex+3}
   (You found it on level 3 of the Crypt)

   [ring of positive energy]

   It affects your dexterity (+3).
   It protects you from negative energy.
 S - the amulet of Ofag (around neck) {rF+ rC+ Regen+ Str+2 Dex+2}
   (You found it on level 3 of the Crypt)

   [amulet of regeneration]

   It affects your strength (+2).
   It affects your dexterity (+2).
   It protects you from fire.
   It protects you from cold.
   It increases your rate of regeneration.
Wands
 k - a wand of digging (21)
 o - a wand of enslavement (22)
 p - a wand of iceblast (42)
 F - a wand of disintegration (21)
 H - a wand of clouds (9)
 O - a wand of acid (12)
 V - a wand of paralysis (22)
Scrolls
 g - 8 scrolls of teleportation
 n - 3 scrolls of magic mapping
 r - 6 scrolls of fear
 t - 22 scrolls of identify
 y - 11 scrolls of fog
 z - a scroll of summoning
 E - 4 scrolls of blinking
 K - 20 scrolls of remove curse
 L - 4 scrolls of holy word
Potions
 b - 5 potions of heal wounds
 c - 22 potions of curing
 i - 2 potions of invisibility
 l - 5 potions of mutation
 u - 15 potions of flight
 M - 11 potions of ambrosia
 P - a potion of stabbing
 R - a potion of haste
 U - 3 potions of cancellation
 W - 2 potions of berserk rage
 X - a potion of might
 Y - 3 potions of resistance
Miscellaneous
 m - 2 phantom mirrors
 I - 2 boxes of beasts
 Q - a lightning rod (4/4)
Comestibles
 f - 39 rations


   Skills:
 O Level 27 Fighting
   Level 8.8(14.1) Short Blades
 + Level 18.6(19.2) Long Blades
 - Level 10.5(14.5) Slings
 - Level 15.0(16.0) Throwing
 O Level 27 Armour
 + Level 21.8 Dodging
 + Level 21.0 Shields
 - Level 12.0 Evocations


You had 26 spell levels left.
You didn't know any spells.
Your spell library contained the following spells:

 Spells                   Type           Power        Failure   Level  Hunger
 Animate Skeleton         Necr           N/A          87%         1    ##.....
 Corona                   Hex            #......      87%         1    ##.....
 Pain                     Necr           #...         87%         1    ##.....
 Shock                    Conj/Air       #...         87%         1    ##.....
 Sting                    Tmut/Pois      #...         87%         1    ##.....
 Summon Butterflies       Summ           #.......     87%         1    ##.....
 Summon Small Mammal      Summ           #...         87%         1    ##.....
 Blink                    Tloc           N/A          95%         2    ###....
 Call Imp                 Summ           #.......     95%         2    ###....
 Corpse Rot               Necr/Air       N/A          95%         2    ###....
 Ensorcelled Hibernation  Hex/Ice        #.....       95%         2    ###....
 Poisonous Vapours        Pois/Air       #.....       95%         2    ###....
 Shroud of Golubria       Chrm/Tloc      #.....       95%         2    ###....
 Slow                     Hex            #.......     95%         2    ###....
 Sublimation of Blood     Necr           #.........   95%         2    ###....
 Swiftness                Chrm/Air       #.......     95%         2    ###....
 Call Canine Familiar     Summ           #.......     99%         3    ####...
 Confusing Touch          Hex            #.......     99%         3    ####...
 Conjure Flame            Conj/Fire      #.......     99%         3    ####...
 Dazzling Flash           Conj/Hex       #.....       99%         3    ####...
 Gell's Gravitas          Tloc           #.........   99%         3    ####...
 Ignite Poison            Fire/Tmut/Pois #.......     99%         3    ####...
 Inner Flame              Hex/Fire       #.......     99%         3    ####...
 Lesser Beckoning         Tloc           #.........   99%         3    ####...
 Mephitic Cloud           Conj/Pois/Air  #.......     99%         3    ####...
 Portal Projectile        Hex/Tloc       #.....       99%         3    ####...
 Recall                   Summ/Tloc      N/A          99%         3    ####...
 Static Discharge         Conj/Air       #.......     99%         3    ####...
 Summon Guardian Golem    Hex/Summ       #.......     99%         3    ####...
 Teleport Other           Tloc           #.......     99%         3    ####...
 Tukima's Dance           Hex            #.......     99%         3    ####...
 Vampiric Draining        Necr           #.........   99%         3    ####...
 Airstrike                Air            #.........   100%        4    #####..
 Animate Dead             Necr           N/A          100%        4    #####..
 Cause Fear               Hex            #.........   100%        4    #####..
 Dispel Undead            Necr           #.......     100%        4    #####..
 Leda's Liquefaction      Hex/Erth       #.........   100%        4    #####..
 Petrify                  Tmut/Erth      #.......     100%        4    #####..
 Summon Ice Beast         Ice/Summ       #.......     100%        4    #####..
 Summon Lightning Spire   Summ/Air       #.......     100%        4    #####..
 Agony                    Necr           #.......     100%        5    ######.
 Alistair's Intoxication  Tmut/Pois      #.......     100%        5    ######.
 Aura of Abjuration       Summ           #.........   100%        5    ######.
 Bolt of Magma            Conj/Fire/Erth #.........   100%        5    ######.
 Excruciating Wounds      Chrm/Necr      #.........   100%        5    ######.
 Fireball                 Conj/Fire      #.........   100%        5    ######.
 Irradiate                Conj/Tmut      #.........   100%        5    ######.
 Iskenderun's Battlesphe  Conj/Chrm      #.......     100%        5    ######.
 Lightning Bolt           Conj/Air       #.........   100%        5    ######.
 Metabolic Englaciation   Hex/Ice        #.........   100%        5    ######.
 Silence                  Hex/Air        #.........   100%        5    ######.
 Summon Forest            Summ/Tloc      #.........   100%        5    ######.
 Summon Mana Viper        Hex/Summ       #.......     100%        5    ######.
 Yara's Violent Unravell  Hex/Tmut       #.........   100%        5    ######.
 Conjure Ball Lightning   Conj/Air       #.........   100%        6    #######
 Dispersal                Tloc           #.........   100%        6    #######
 Eringya's Noxious Bog    Tmut/Pois      #.........   100%        6    #######
 Freezing Cloud           Conj/Ice/Air   #.........   100%        6    #######
 Hydra Form               Tmut           #.........   100%        6    #######
 Iron Shot                Conj/Erth      #.........   100%        6    #######
 Starburst                Conj/Fire      #.........   100%        6    #######
 Statue Form              Tmut/Erth      #........    100%        6    #######
 Dragon Form              Tmut           #.........   100%        7    #######
 Haunt                    Necr/Summ      #.........   100%        7    #######
 Orb of Destruction       Conj           #.........   100%        7    #######
 Ring of Flames           Chrm/Fire      #.........   100%        7    #######
 Spellforged Servitor     Conj/Summ      #.........   100%        7    #######
 Summon Hydra             Summ           #.........   100%        7    #######
 Borgnjor's Revivificati  Necr           #.........   100%        8    #######
 Controlled Blink         Tloc           N/A          100%        8    #######
 Death's Door             Chrm/Necr      #.........   100%        8    #######
 Discord                  Hex            #.........   100%        8    #######
 Disjunction              Tloc           #.........   100%        8    #######
 Ignition                 Fire           #.........   100%        8    #######
 Infestation              Necr           #.........   100%        8    #######
 Necromutation            Tmut/Necr      #.........   100%        8    #######
 Shatter                  Erth           #.........   100%        9    #######
 Tornado                  Air            #.........   100%        9    #######
 Passage of Golubria      Tloc           Unusable     N/A         4    N/A

Dungeon Overview and Level Annotations

Branches:
Dungeon (15/15)            Temple (1/1) D:6            Lair (6/6) D:10
  Swamp (4/4) Lair:4       Spider (4/4) Lair:2        Slime (0/5) Lair:6
    Orc (2/2) D:9             Elf (3/3) Orc:2        Vaults (5/5) D:13
  Crypt (3/3) Vaults:2       Tomb (0/3) Crypt:3      Depths (5/5) D:15
    Zot (5/5) Depths:5      Sewer (visited)           IceCv (visited)

Altars:
Ashenzari
Cheibriados
Dithmenos
Elyvilon
Fedhas
Gozag
Hepliaklqana
Kikubaaqudgha
Makhleb
Nemelex Xobeh
Okawaru
Qazlal
Ru
Sif Muna
Trog
Uskayaw
Vehumet
Wu Jian
Xom
Yredelemnul
Zin
The Shining One

Shops:
D:10 *   D:12 !   D:14 *   Orc:2 (}?*   Elf:1 (   Lair:2 ?[=%=   Vaults:1 [*
Vaults:3 :   Depths:1 }==%

Portals:
Hell: Depths:1 Depths:2 Depths:3 Depths:4 Depths:5
Abyss: Depths:2 Depths:4
Pandemonium: Orc:2 Depths:1 Depths:2 Depths:3 Depths:4
Ziggurat: Depths:4

Annotations:
Elf:2 5 runed translucent doors
Zot:1 1 runed translucent door, Cyqimiab's ghost, legendary MfGl
Zot:4 1 runed translucent door, Irempa's ghost, legendary GnFE
Zot:5 exclusion: orange crystal statue


Innate Abilities, Weirdness & Mutations

You reflexively headbutt those who attack you in melee.
You have a pair of horns on your head.
You are clumsy. (Dex -2)
Your spells are a little easier to cast, but a little less powerful.


Message History

* * * LOW HITPOINT WARNING * * *
Unknown command.
You feel much better. The Brimstone Fiend gestures at you.
The sphere of damnation explodes!
The damnation engulfs you!!
* * * LOW HITPOINT WARNING * * *
Unknown command.
You feel much better.
Unknown command.
You feel yourself speed up.
The Tzitzimitl calls on the powers of darkness!
Your body is wracked with pain!
* * * LOW HITPOINT WARNING * * *
Unknown command.
There is a stone staircase leading up, spattered with blood here.
You see here 17 bolts.
The Brimstone Fiend gestures at you.
The sphere of damnation explodes!
The damnation engulfs you!!!
You die...
Your body crumbles into a pile of gold.

............≈≈≈≈)...###...∩...##≈
#........#...≈≈≈..#.##.........##
####.....###.≈..1####...#####...#
#######..(....#..#..##...##..#
##..(#.....#^.#.....#..#
##.(#....(#..'..∩..#...
#.(....≈(#.$#.....#..#
##....(≈≈#..##...##..#
##....@.≈≈#...#####&..#
#......[≈≈##......4..##
#......≈≈≈###...3...###
###.(.....≈≈#############
#.........≈....≈.........
##........≈..............
##.#....................
####.#....#.......#.......
##.#..............###......


You could see a Brimstone Fiend.

Vanquished Creatures
  4 ancient liches
  7 orbs of fire
  Mara (Swamp:3)
  Mennas (Depths:4)
  Sojobo (Depths:1)
  4 Killer Klowns (Zot:5)
  The ghost of Eldin the Sorcerer, a veteran DEWz of Sif Muna (Vaults:1)
  Margery (Vaults:4)
  A caustic shrike (Depths:2)
  The ghost of Lukheov the Peltast, a veteran DrWn of Okawaru (Vaults:1)
  Saint Roka (Depths:4)
  2 curse toes
  6 golden dragons
  Nikola (Spider:3)
  The ghost of Droegar the Slayer, an adept MiBe of Trog (Vaults:1)
  Jorgrun (Orc:1)
  4 electric golems
  A shard shrike zombie (Crypt:1)
  18 tentacled monstrosities
  Rupert (Lair:3)
  15 Orb Guardians (Zot:5)
  An Ice Fiend (Depths:5)
  6 liches
  Asterion (Vaults:3)
  2 deep elf blademasters (Elf:3)
  6 titans (Vaults:5)
  9 quicksilver dragons
  2 deep elf master archers (Elf:3)
  5 sphinxes
  9 death cobs
  A draconian monk (Zot:1)
  Frances (Swamp:1)
  4 ancient champions
  9 storm dragons
  15 shadow dragons
  A thorn hunter (Swamp:4)
  8 tengu reavers
  Donald (Orc:2)
  Agnes (D:14)
  2 revenants
  Roxanne (D:14)
  7 fire giants
  6 frost giants
  15 vault wardens
  5 draconian knights
  8 deep elf sorcerers
  5 orc warlords
  3 draconian scorchers
  8 ghost moths
  Louise (D:14)
  8 emperor scorpions
  An iron dragon (Vaults:5)
  A balrug (Depths:1)
  4 draconian shifters
  3 curse skulls
  4 draconian annihilators
  6 ghouls
  19 ironheart preservers
  2 juggernaut zombies
  15 very ugly things
  2 deep elf elementalists (Elf:3)
  4 war gargoyles
  2 entropy weavers
  6 draconian stormcallers
  27 stone giants
  7 vampire knights
  8 deep elf demonologists
  Nessos (Lair:4)
  A lorocyproca (Depths:4)
  5 deep elf annihilators (Elf:3)
  9 black draconians
  5 green draconians
  5 purple draconians
  6 white draconians
  9 spark wasps
  A merfolk javelineer (Depths:4)
  9 red draconians
  10 yellow draconians
  5 eidola
  The ghost of Gadfly the Struggler, a journeyman CeHu of Okawaru (Lair:1)
  2 blizzard demons (IceCv)
  12 ettins
  Snorg (Lair:2)
  13 jiangshi
  23 yaktaur captains
  12 deep elf death magi
  7 great orbs of eyes
  The ghost of Fiha the Thaumaturge, a journeyman VSTm of Dithmenos (Lair:4)
  2 crystal guardians
  3 deep elf high priests
  22 fire dragons
  28 vault guards
  A hell beast (Depths:2)
  16 ice dragons
  A quicksilver dragon zombie (Crypt:1)
  Harold (D:8)
  5 spriggan air magi
  19 hydras
  4 rakshasas
  A catoblepas (Lair:6)
  A ghost crab (Swamp:2)
  5 death knights
  2 anacondas (shapeshifter)
  Erica (D:11)
  6 centaur warriors
  3 death yaks (Lair:6)
  10 deep troll earth magi
  12 alligators
  8 deep troll shamans
  30 two-headed ogres
  4 tengu warriors
  11 ogre magi
  An alligator (shapeshifter) (Depths:4)
  9 orc high priests
  10 vampire magi
  Urug (D:10)
  Nergalle (Lair:2)
  5 hell knights
  16 skeletal warriors
  7 spriggan berserkers
  2 sun demons (Depths:1)
  Sonja (Lair:5)
  12 deep elf knights
  2 fire crabs (Swamp:4)
  A titan skeleton (Vaults:4)
  2 sixfirhies (Depths:4)
  A spectral emperor scorpion (Crypt:2)
  A soul eater (Depths:2)
  An entropy weaver zombie (Crypt:1)
  A spark wasp zombie (Crypt:2)
  2 shadow wraiths
  4 spriggan druids
  A fire crab (shapeshifter) (Vaults:5)
  3 iron trolls (Depths:1)
  7 wizards
  A glowing orange brain (shapeshifter) (D:15)
  A torturous demonspawn (Orc:2)
  10 swamp dragons
  An unseen horror (Vaults:1)
  13 flayed ghosts
  43 deep trolls
  2 shadow dragon zombies
  2 infernal demonspawn (Orc:2)
  3 glowing orange brains
  18 phantasmal warriors
  22 deep elf archers
  19 ironbrand convokers
  23 orc knights
  3 lindwurms
  5 harpies (Vaults:2)
  8 necromancers
  64 deep elf magi
  A frost giant zombie (Vaults:4)
  An iron dragon zombie (Crypt:2)
  46 wolf spiders
  34 ugly things
  18 orb spiders
  14 cyclopes
  2 shadow dragon skeletons
  A stone giant zombie (Crypt:2)
  11 orc sorcerers
  2 oklob plants (Lair:1)
  11 fire giant skeletons
  27 moths of wrath
  4 manticores
  A rust devil (Orc:2)
  2 dire elephant zombies (Crypt:1)
  2 salamanders
  15 vault sentinels
  6 elephants
  Psyche (D:8)
  A frost giant skeleton (Crypt:1)
  2 ice statues
  2 iron dragon skeletons (Crypt:1)
  A water nymph (shapeshifter) (Vaults:5)
  4 centaur zombies
  A black mamba (shapeshifter) (Vaults:4)
  A naga mage (D:14)
  Maurice (D:9)
  A stone giant skeleton (Crypt:1)
  10 black mambas
  18 spiny frogs
  A smoke demon (Orc:2)
  6 gargoyles
  A dire elephant skeleton (Crypt:3)
  5 rime drakes
  6 torpor snails
  3 human zombies (Vaults:4)
  A pale draconian zombie (Crypt:2)
  9 komodo dragons
  13 freezing wraiths
  52 yaktaurs
  10 demonic crawlers
  6 ice devils
  5 anaconda simulacra (IceCv)
  2 golden dragon simulacra
  A hellwing (Depths:4)
  A hydra zombie (Crypt:2)
  4 red devils
  27 jumping spiders
  3 meliai (D:14)
  A troll (shapeshifter) (Vaults:1)
  A jumping spider (shapeshifter) (Depths:4)
  10 trolls
  A merfolk (shapeshifter) (Vaults:3)
  A meliai (shapeshifter) (Depths:3)
  A queen bee (shapeshifter) (Depths:3)
  15 tyrant leeches
  3 tengu conjurers
  A hydra skeleton (Crypt:1)
  20 hornets
  2 wolf spider simulacra (IceCv)
  38 slime creatures
  7 bog bodies
  An alligator zombie (Crypt:3)
  A slime creature (shapeshifter) (Vaults:4)
  6 dream sheep (Lair:6)
  3 ice dragon zombies
  6 blink frogs
  A tengu simulacrum (Vaults:1)
  A raiju (shapeshifter) (Depths:3)
  13 hippogriffs
  6 spriggans
  Sigmund (D:2)
  A tarantella (shapeshifter) (Vaults:2)
  8 fire dragon skeletons (Crypt:3)
  4 flying skulls (Crypt:1)
  6 shadows
  6 vampires
  5 air elementals
  2 ettin skeletons
  A ynoxinul (Orc:2)
  A spriggan (shapeshifter) (Vaults:2)
  13 yaks
  56 redbacks
  2 ice dragon skeletons
  2 dire elephant simulacra (IceCv)
  27 tarantellas
  8 wyverns
  A hog (shapeshifter) (Vaults:4)
  Grum (D:8)
  22 water elementals
  12 wraiths
  2 basilisks (Lair:4)
  2 golden eyes (shapeshifter)
  3 hungry ghosts
  17 vampire mosquitoes
  A neqoxec (Depths:2)
  A fire bat (shapeshifter) (Vaults:3)
  4 fire elementals
  12 wargs
  2 death yak simulacra (IceCv)
  16 swamp worms
  9 insubstantial wisps (Swamp:2)
  A deep troll zombie (Vaults:4)
  2 harpy simulacra (IceCv)
  3 acid dragons
  15 water moccasins
  A floating eye (shapeshifter) (Vaults:5)
  2 water moccasins (shapeshifter) (Vaults:5)
  4 hydra simulacra (IceCv)
  A monstrous demonspawn skeleton (Crypt:2)
  14 porcupines
  14 swamp drakes
  62 orc warriors
  4 sky beasts
  A swamp dragon zombie (Crypt:1)
  2 phantoms
  A sky beast (shapeshifter) (D:13)
  2 hornet zombies
  5 ice beasts
  A snapping turtle zombie (Crypt:3)
  8 necrophages
  2 ettin simulacra
  30 ogres
  9 wolves
  9 centaurs
  19 boggarts
  2 human skeletons (Vaults:1)
  A tengu (shapeshifter) (Depths:4)
  18 crocodiles
  A komodo dragon zombie (Crypt:2)
  7 big kobolds
  A gnoll sergeant (D:6)
  18 bullfrogs
  2 earth elementals
  3 spiny frog simulacra (Lair:1)
  An elf skeleton (Crypt:3)
  6 scorpions
  A blink frog simulacrum (Lair:1)
  4 wyvern skeletons
  A manticore simulacrum (Crypt:1)
  An elf simulacrum (Vaults:4)
  11 killer bees
  13 wights
  An elephant simulacrum (IceCv)
  2 electric eels
  3 howler monkeys (D:12)
  A lava snake (Swamp:4)
  A bullfrog zombie (D:7)
  9 crimson imps
  2 quasits
  3 draconian simulacra (IceCv)
  8 hounds
  2 iron imps
  23 orc wizards
  2 bullfrog skeletons
  6 centaur skeletons
  A gnoll shaman (D:4)
  34 orc priests
  8 jellies
  7 iguanas
  7 worker ants
  3 troll simulacra (IceCv)
  2 polar bear simulacra (IceCv)
  2 spriggan simulacra (IceCv)
  2 killer bee zombies (D:8)
  A bullfrog simulacrum (Lair:1)
  A centaur simulacrum (IceCv)
  A crocodile skeleton (Crypt:1)
  A basilisk simulacrum (Lair:1)
  A hound zombie (D:8)
  A porcupine simulacrum (Lair:1)
  2 worker ant zombies
  8 gnolls
  A scorpion zombie (Crypt:1)
  A howler monkey skeleton (D:10)
  19 adders
  2 naga simulacra (IceCv)
  An ogre simulacrum (IceCv)
  5 shadow imps
  12 white imps
  8 ufetubi
  2 oozes
  A lava snake skeleton (Crypt:1)
  5 worms
  A dart slug (shapeshifter) (Depths:4)
  2 dart slugs
  4 leopard geckos
  107 orcs
  8 ball pythons
  9 bats
  6 giant cockroaches
  6 goblins
  9 hobgoblins
  11 jackals
  41 kobolds
  6 quokkas
  4 frilled lizards
  A giant cockroach zombie (D:5)
  A jackal zombie (D:8)
  A kobold skeleton (Crypt:2)
  An orc skeleton (Crypt:1)
  A quokka skeleton (D:8)
  A quokka zombie (D:5)
  10 rats
  A briar patch (Swamp:4)
  A fire vortex (Swamp:4)
  3 plants
2522 creatures vanquished.

Vanquished Creatures (collateral kills)
  An Orb Guardian (Zot:5)
  A draconian monk (Zot:1)
  2 draconian annihilators (Zot:1)
  A war gargoyle (Vaults:5)
  A deep elf demonologist (Vaults:5)
  2 purple draconians (Zot:1)
  A white draconian (Zot:1)
  7 vault guards (Vaults:5)
  An ugly thing (Vaults:5)
  An orc warrior (Orc:2)
  An orc (Orc:2)
19 creatures vanquished.

Vanquished Creatures (others)
  2 ancient liches (Zot:5)
  A Killer Klown (Zot:5)
  A titan (Vaults:5)
  6 Orb Guardians (Zot:5)
  A tengu reaver (Vaults:5)
  A draconian knight (Zot:1)
  A ghost moth (Zot:2)
  A purple draconian (Zot:5)
  A yellow draconian (Zot:5)
  2 rakshasas
  7 dancing weapons
  A phantasmal warrior (Vaults:5)
  A deep elf mage (Elf:2)
  A komodo dragon (Swamp:1)
  A troll (Orc:2)
  2 steam dragons (Swamp:4)
  2 swamp worms
  8 swamp drakes (Swamp:4)
  A white imp (IceCv)
  5 fungi
  44 plants
  23 withered plants
113 creatures vanquished.

Grand Total: 2654 creatures vanquished

Notes
Turn   | Place    | Note
-------+----------+-------------------------------------------
     0 | D:1      | DeepDeath the Minotaur Fighter began the quest for the Orb.
     0 | D:1      | Reached XP level 1. HP: 19/19 MP: 0/0
     0 | D:1      | Noticed a gargoyle
     5 | D:1      | Noticed a gargoyle
     6 | D:1      | Noticed a felid
     7 | D:1      | Noticed a naga
    10 | D:1      | Noticed a spriggan
    14 | D:1      | Noticed a felid
    14 | D:1      | Noticed a minotaur
    16 | D:1      | Noticed a draconian
    16 | D:1      | Noticed a draconian
    16 | D:1      | Noticed a gargoyle
    18 | D:1      | Noticed an ogre
   103 | D:1      | Reached XP level 2. HP: 26/27 MP: 1/1
   638 | D:1      | Reached XP level 3. HP: 31/33 MP: 2/2
  1215 | D:2      | You fall into a shaft and drop 1 floor!
  1277 | D:3      | Reached XP level 4. HP: 40/40 MP: 3/3
  1287 | D:3      | Found an opulent altar of Gozag.
  1578 | D:2      | Noticed Sigmund
  1595 | D:2      | Killed Sigmund
  1595 | D:2      | Reached skill level 5 in Long Blades
  1595 | D:2      | Reached XP level 5. HP: 31/46 MP: 4/4
  1706 | D:2      | Reached skill level 5 in Shields
  2081 | D:3      | Found a shadowy altar of Dithmenos.
  2173 | D:3      | Reached skill level 5 in Armour
  2553 | D:4      | Found a glowing drain.
  2564 | D:4      | Reached XP level 6. HP: 52/52 MP: 5/5
  2729 | Sewer    | Entered a sewer
  3114 | D:4      | Found a shadowy altar of Dithmenos.
  3157 | D:4      | Reached XP level 7. HP: 37/59 MP: 6/6
  3334 | D:4      | Found a hazy altar of Hepliaklqana.
  3885 | D:3      | Became a worshipper of Gozag Ym Sagoz the Greedy
  3925 | D:5      | Entered Level 5 of the Dungeon
  4807 | D:6      | Reached XP level 8. HP: 61/66 MP: 7/7
  5028 | D:6      | Found a staircase to the Ecumenical Temple.
  5040 | Temple   | Entered the Ecumenical Temple
  6202 | D:7      | Reached skill level 10 in Long Blades
  6329 | D:7      | Found a burning altar of Makhleb.
  6430 | D:7      | Reached XP level 9. HP: 64/71 MP: 8/8
  6630 | D:7      | Found a shimmering blue altar of Sif Muna.
  6635 | D:7      | Found an iron altar of Okawaru.
  6635 | D:7      | Found a hide-covered altar of Uskayaw.
  6648 | D:7      | Found a blossoming altar of Fedhas.
  6652 | D:7      | Found a stormy altar of Qazlal.
  6826 | D:8      | Noticed Harold
  6863 | D:8      | Killed Harold
  7254 | D:8      | Noticed Psyche
  7268 | D:8      | Killed Psyche
  7268 | D:8      | Reached XP level 10. HP: 53/78 MP: 9/9
  7385 | D:8      | Noticed Grum
  7412 | D:8      | Killed Grum
  7742 | D:8      | Found a shimmering altar of Xom.
  8014 | D:9      | Found a sacrificial altar of Ru.
  8052 | D:9      | Found a staircase to the Orcish Mines.
  8283 | D:9      | Reached skill level 1 in Throwing
  8359 | D:9      | Found a shadowy altar of Dithmenos.
  8393 | D:9      | Noticed an ice statue
  8416 | D:9      | Noticed Maurice
  8434 | D:9      | Killed Maurice
  8434 | D:9      | Reached skill level 1 in Evocations
  8457 | D:9      | Found a glowing golden altar of the Shining One.
  8457 | D:9      | Found an ornate altar of the Wu Jian Council.
  8457 | D:9      | Found a sparkling altar of Nemelex Xobeh.
  8578 | D:9      | Reached skill level 10 in Shields
  9038 | D:10     | Entered Level 10 of the Dungeon
  9069 | D:10     | Reached skill level 10 in Armour
  9226 | D:10     | Found Ebuliag's General Store.
  9233 | D:10     | Bought a ration for 65 gold pieces
  9233 | D:10     | Bought a scroll of identify for 26 gold pieces
  9233 | D:10     | Bought a scroll of identify for 26 gold pieces
  9460 | D:10     | Noticed Urug
  9482 | D:10     | Killed Urug
  9482 | D:10     | Reached skill level 5 in Fighting
  9673 | D:10     | Found a portal to a secret trove of treasure.
  9814 | D:10     | Noticed a two-headed ogre
  9837 | D:10     | Killed a two-headed ogre
  9837 | D:10     | Reached XP level 11. HP: 34/88 MP: 11/11
 10174 | D:10     | Paralysed by a hornet for 1 turns
 10298 | D:10     | Found a staircase to the Lair.
 10751 | Lair:1   | Entered Level 1 of the Lair of Beasts
 10919 | Lair:1   | Found a runed translucent gate.
 10919 | Lair:1   | Found a runed translucent gate.
 11552 | Lair:1   | Noticed Gadfly's ghost (journeyman CeHu)
 11901 | Lair:1   | Found a runed translucent gate.
 11945 | Lair:1   | Noticed an oklob plant
 11946 | Lair:1   | Noticed an oklob plant
 12188 | Lair:1   | Got a glimmering buckler
 12199 | Lair:1   | Identified the +2 buckler "Yvvudgh" {Dex+4} (You found it
                  | on level 1 of the Lair of Beasts)
 12250 | Lair:2   | Noticed a four-headed hydra
 12295 | Lair:1   | Reached skill level 1 in Dodging
 12908 | Lair:2   | Killed a four-headed hydra
 13479 | Lair:2   | Found a hole to the Spider Nest.
 14107 | Lair:2   | Bought the ring of Kefeost {rPois rC+ MR++ SInv} for 634
                  | gold pieces
 14119 | Lair:3   | Noticed Snorg
 14119 | Lair:3   | Noticed Nergalle
 14136 | Lair:2   | Killed Nergalle
 14136 | Lair:2   | Reached skill level 1 in Short Blades
 14136 | Lair:2   | Reached XP level 12. HP: 94/100 MP: 12/12
 14203 | Lair:2   | Killed Snorg
 15254 | Lair:3   | Noticed Rupert
 15319 | Lair:3   | Killed Rupert
 15652 | Lair:4   | Found a runed translucent door.
 15652 | Lair:4   | Noticed Nessos
 15664 | Lair:4   | Killed Nessos
 15822 | Lair:4   | Noticed a six-headed hydra
 15845 | Lair:4   | Reached skill level 5 in Dodging
 15857 | Lair:4   | Killed a six-headed hydra
 15878 | Lair:4   | Found a staircase to the Swamp.
 16209 | Lair:4   | Reached XP level 13. HP: 90/108 MP: 13/13
 16779 | Lair:4   | Noticed Fiha's ghost (journeyman VSTm)
 16918 | Lair:5   | Noticed Sonja
 16927 | Lair:5   | Killed Sonja
 17097 | Lair:5   | Paralysed by a hornet for 3 turns
 17295 | Lair:5   | Reached skill level 5 in Short Blades
 18149 | Lair:5   | Got a clouded diamond amulet
 18150 | Lair:5   | Identified the amulet "Uhoc" {Spirit *Drain rElec Str+2}
                  | (You found it on level 5 of the Lair of Beasts)
 18447 | Lair:1   | Killed Gadfly's ghost
 18647 | Orc:1    | Entered Level 1 of the Orcish Mines
 18651 | Orc:1    | Noticed an orc warlord
 18688 | D:9      | Killed an orc warlord
 19119 | Orc:1    | Noticed an ettin
 19133 | Orc:1    | Killed an ettin
 19280 | Orc:1    | Noticed Jorgrun
 19291 | Orc:1    | Killed Jorgrun
 19457 | Orc:2    | Entered Level 2 of the Orcish Mines
 19605 | Orc:2    | Found a staircase to the Elven Halls.
 19635 | Orc:2    | Reached skill level 10 in Fighting
 19900 | Orc:2    | Noticed an orc warlord
 19900 | Orc:2    | Noticed Donald
 19928 | Orc:2    | Killed an orc warlord
 19931 | Orc:2    | Killed Donald
 19931 | Orc:2    | Reached XP level 14. HP: 46/121 MP: 4/16
 20631 | Orc:2    | Found Hoiwas's General Store.
 20782 | Orc:2    | Found Buves's Magic Scroll Shop.
 20860 | Orc:2    | Bought a potion of haste for 140 gold pieces
 20860 | Orc:2    | Bought a potion of heal wounds for 70 gold pieces
 20862 | Orc:2    | Bought a scroll of identify for 20 gold pieces
 20862 | Orc:2    | Bought a scroll of identify for 20 gold pieces
 20862 | Orc:2    | Bought a scroll of holy word for 75 gold pieces
 20862 | Orc:2    | Bought a scroll of brand weapon for 200 gold pieces
 20862 | Orc:2    | Bought a scroll of identify for 20 gold pieces
 20862 | Orc:2    | Bought a scroll of enchant weapon for 75 gold pieces
 21390 | Orc:2    | Reached skill level 15 in Shields
 21402 | Orc:2    | Reached skill level 15 in Armour
 21963 | Orc:2    | Found Reugrus's Antique Weapon Emporium.
 21963 | Orc:2    | Found a one-way gate leading to the halls of Pandemonium.
 21963 | Orc:2    | Found Worebrinn's Gadget Shoppe.
 21966 | Orc:2    | Bought a runed falchion for 120 gold pieces
 21968 | Orc:2    | Bought a wand of iceblast (6) for 150 gold pieces
 22193 | Lair:6   | Entered Level 6 of the Lair of Beasts
 22270 | Lair:6   | Found a runed translucent door.
 22427 | Lair:6   | Found a staircase to the Slime Pits.
 22921 | Lair:6   | Reached skill level 5 in Evocations
 23798 | Lair:6   | Reached XP level 15. HP: 78/132 MP: 14/18
 24383 | D:11     | Noticed Erica
 24395 | D:11     | Killed Erica
 25752 | D:12     | Reached skill level 10 in Dodging
 25996 | D:12     | Found Watuicir's Distillery.
 26004 | D:12     | Bought a potion of invisibility for 104 gold pieces
 26004 | D:12     | Bought a potion of heal wounds for 65 gold pieces
 26004 | D:12     | Bought a potion of resistance for 130 gold pieces
 26799 | D:13     | Found a gate to the Vaults.
 27575 | D:14     | Noticed Louise
 27691 | D:14     | Killed Louise
 28299 | D:14     | You fall into a shaft and drop 1 floor!
 28299 | D:15     | Entered Level 15 of the Dungeon
 28736 | D:14     | Found Ceih's Serpentskin Sales.
 28770 | D:14     | Noticed Agnes
 28787 | D:14     | Killed Agnes
 28975 | D:14     | Noticed Roxanne
 28992 | D:14     | Killed Roxanne
 29359 | D:15     | Identified a scroll of acquirement
 29361 | D:15     | Acquired the +3 double sword "Peipsi" {flame, rElec}
 29589 | D:15     | Found a staircase to the Depths.
 30076 | Lair:2   | Bought a heavily runed cloak for 180 gold pieces
 30077 | Lair:2   | Identified the +2 cloak of Dawn {MR+} (You bought it in a
                  | shop on level 2 of the Lair of Beasts)
 30102 | Lair:2   | Bought a runed chain mail for 142 gold pieces
 30149 | Lair:2   | Bought a runed cloak for 142 gold pieces
 30171 | Lair:2   | Bought a runed cloak for 142 gold pieces
 30256 | Lair:1   | Reached XP level 16. HP: 110/146 MP: 16/20
 30497 | Swamp:1  | Entered Level 1 of the Swamp
 30611 | Swamp:1  | Noticed Frances
 30628 | Swamp:1  | Killed Frances
 31902 | Swamp:2  | Identified the +1 ring mail "Cevvesup" {rPois Regen+} (You
                  | found it on level 2 of the Swamp)
 31990 | Swamp:2  | Reached skill level 15 in Long Blades
 33108 | Swamp:4  | Entered Level 4 of the Swamp
 33229 | Swamp:4  | Got a scintillating graven amulet
 33439 | Swamp:4  | Identified the amulet "Geizxuv" {Spirit rElec rC+ Int-4
                  | Slay+5} (You found it on level 4 of the Swamp)
 34148 | Swamp:4  | Noticed a thorn hunter
 34169 | Swamp:4  | Killed a thorn hunter
 34169 | Swamp:4  | Reached skill level 15 in Fighting
 34415 | Swamp:4  | Noticed Mara
 34434 | Swamp:4  | Noticed DeepDeath's illusion
 34776 | Swamp:4  | Noticed DeepDeath's illusion
 34790 | Swamp:3  | Killed Mara
 34790 | Swamp:3  | Reached XP level 17. HP: 134/158 MP: 18/22
 34916 | Lair:2   | Bought the +3 crown of Dyrovepreva {rElec Int+2 SInv} for
                  | 786 gold pieces
 34916 | Lair:2   | Found the +3 crown of Dyrovepreva {rElec Int+2 SInv}
 35196 | Swamp:4  | Got a decaying rune of Zot
 35807 | Orc:2    | Bought a scroll of teleportation for 30 gold pieces
 35807 | Orc:2    | Bought a scroll of teleportation for 30 gold pieces
 35807 | Orc:2    | Bought a scroll of enchant armour for 75 gold pieces
 35851 | Elf:1    | Entered Level 1 of the Elven Halls
 36005 | Elf:1    | Found Oseeligg's Antique Weapon Shop.
 36013 | Elf:1    | Bought a glimmering hunting sling for 208 gold pieces
 36013 | Elf:1    | Identified the +6 hunting sling "Sarcophage" {venom,
                  | +Blink} (You bought it in a shop on level 1 of the Elven
                  | Halls)
 37392 | Elf:2    | Reached skill level 10 in Evocations
 37420 | Elf:2    | Found a huge runed translucent gate.
 37423 | Elf:2    | Found a huge runed translucent gate.
 37423 | Elf:2    | Found a huge runed translucent gate.
 37424 | Elf:2    | Found a huge runed translucent gate.
 37425 | Elf:2    | Found a huge runed translucent gate.
 37557 | Elf:2    | Reached skill level 1 in Slings
 37948 | Lair:2   | Bought a runed scale mail for 133 gold pieces
 37948 | Lair:2   | Bought a glowing scale mail for 133 gold pieces
 38273 | Spider:1 | Entered Level 1 of the Spider Nest
 38342 | Spider:1 | Acquired 2490 gold pieces
 39163 | Lair:2   | Bought a scroll of identify for 40 gold pieces
 39163 | Lair:2   | Bought a scroll of identify for 40 gold pieces
 39163 | Lair:2   | Bought a scroll of identify for 40 gold pieces
 39175 | Lair:2   | Bought a ration for 50 gold pieces
 39175 | Lair:2   | Bought a ration for 50 gold pieces
 39175 | Lair:2   | Bought a ration for 50 gold pieces
 39175 | Lair:2   | Bought a ration for 50 gold pieces
 39175 | Lair:2   | Bought a ration for 50 gold pieces
 39297 | Spider:2 | Reached XP level 18. HP: 170/172 MP: 24/24
 40316 | Spider:3 | Found a frozen archway.
 40355 | IceCv    | Entered an ice cave
 40869 | IceCv    | Identified the +3 ring mail "Toefy" {*Contam rElec rCorr}
                  | (You found it in an ice cave)
 41037 | IceCv    | Identified the +2 hat of Day {+Inv rElec Int+7 Dex-4} (You
                  | found it in an ice cave)
 41579 | Spider:3 | Noticed Nikola
 41597 | Spider:3 | Killed Nikola
 41911 | Lair:2   | Bought a glowing plate armour for 494 gold pieces
 42202 | Vaults:1 | Entered Level 1 of the Vaults
 42677 | D:13     | Reached skill level 5 in Throwing
 42857 | Vaults:1 | Reached skill level 5 in Slings
 42951 | Vaults:1 | Found Itaolila's General Store.
 42967 | Vaults:1 | Bought a scroll of summoning for 180 gold pieces
 42967 | Vaults:1 | Bought a potion of might for 76 gold pieces
 43146 | Vaults:1 | Identified the +6 morningstar "Uduem" {vorpal, MR+ SInv}
 43217 | Vaults:1 | Found a runed translucent gate.
 43217 | Vaults:1 | Found a runed translucent gate.
 43217 | Vaults:1 | Found a runed translucent gate.
 43324 | Vaults:1 | Reached XP level 19. HP: 165/183 MP: 21/25
 44007 | Vaults:1 | Noticed Droegar's ghost (adept MiBe)
 44008 | Vaults:1 | Noticed Eldin's ghost (veteran DEWz)
 44009 | Vaults:1 | Noticed Lukheov's ghost (veteran DrWn)
 44267 | D:10     | You paid a toll of 3 potions of resistance to enter a
                  | treasure trove
 44268 | Trove    | Entered a treasure trove
 44331 | Trove    | Identified Sif Muna's Guide on Cankerous Creation
 44809 | Spider:4 | Entered Level 4 of the Spider Nest
 46726 | Spider:4 | Got a gossamer rune of Zot
 47060 | Lair:4   | Killed Fiha's ghost
 48144 | Vaults:2 | Found a staircase to the Crypt.
 48224 | Vaults:2 | Reached XP level 20. HP: 193/193 MP: 26/26
 48764 | Vaults:2 | Acquired 470 gold pieces
 49568 | Vaults:3 | Identified the cursed +0 short sword "Impslayer" {venom,
                  | Dex+4} (You found it on level 3 of the Vaults)
 49659 | Vaults:3 | Noticed Asterion
 49674 | Vaults:3 | Killed Asterion
 49700 | Vaults:3 | Found Feaptissu's Book Emporium.
 50676 | Vaults:4 | Noticed Margery
 50707 | Vaults:4 | Killed Margery
 51048 | Vaults:4 | Reached skill level 15 in Dodging
 51913 | Vaults:4 | Reached XP level 21. HP: 148/205 MP: 20/27
 52552 | Vaults:1 | Bought a brightly glowing scale mail for 405 gold pieces
 52552 | Vaults:1 | Bought a polished chain mail for 427 gold pieces
 52554 | Vaults:1 | Identified the +5 scale mail of Quyz {rF+ Str+2 Dex-3
                  | Slay+2} (You bought it in a shop on level 1 of the Vaults)
 52555 | Vaults:1 | Identified the +3 chain mail of the Gate {Str+7} (You
                  | bought it in a shop on level 1 of the Vaults)
 52593 | Vaults:1 | Bought a turquoise-encrusted scale mail for 405 gold pieces
 52593 | Vaults:1 | Bought a pair of embroidered gloves for 337 gold pieces
 52594 | Vaults:1 | Identified the +1 scale mail of Cicyutz {Int+4} (You bought
                  | it in a shop on level 1 of the Vaults)
 52899 | Elf:3    | Entered Level 3 of the Elven Halls
 53395 | Elf:3    | Reached skill level 10 in Slings
 53998 | Elf:3    | Identified the amulet "Nayshroir" {Spirit Dex+4}
 54389 | Elf:3    | Identified the +3 glaive of the Briny Deep {vorpal, Fragile
                  | rF+ rC+++ MP-9}
 54778 | Elf:3    | Identified Sif Muna's Catalogue of Venom and the Entourage
 54806 | Elf:3    | Identified The Arcane Secrets of Hermeneutics
 54839 | Elf:3    | Identified the ring "Sannast" {rElec MR+ Str+4} (You found
                  | it on level 3 of the Elven Halls)
 54847 | Elf:3    | Identified the +3 scale mail of Kolusel {rPois MR+} (You
                  | found it on level 3 of the Elven Halls)
 54902 | Elf:3    | Found the +0 pair of fencer's gloves {Riposte Dex+3}
 55442 | Depths:1 | Entered Level 1 of the Depths
 55442 | Depths:1 | Found Reludd's Food Boutique.
 55458 | Depths:1 | Noticed Sojobo
 55755 | Depths:1 | Killed Sojobo
 55892 | Depths:1 | Found Weq Lavo's Jewellery Shop.
 55903 | Depths:1 | Found Goxun's Gadget Shoppe.
 55904 | Depths:1 | Found Manoaq's Jewellery Shop.
 56034 | Depths:1 | Bought a wand of clouds (5) for 621 gold pieces
 56102 | Depths:1 | Bought a ration for 50 gold pieces
 56102 | Depths:1 | Bought a ration for 50 gold pieces
 56102 | Depths:1 | Bought a ration for 50 gold pieces
 56102 | Depths:1 | Bought a ration for 50 gold pieces
 56485 | Depths:1 | Reached XP level 22. HP: 220/220 MP: 28/28
 56502 | Depths:1 | Found a gateway to Hell.
 57409 | Depths:2 | Noticed a caustic shrike
 57428 | Depths:2 | Killed a caustic shrike
 57531 | Depths:2 | Identified the +11 hand crossbow "Hynu" {penet, rC- Int+9}
                  | (You found it on level 2 of the Depths)
 57670 | Depths:2 | Reached skill level 10 in Throwing
 58198 | Depths:2 | Found a one-way gate to the infinite horrors of the Abyss.
 58203 | Depths:2 | You fall into a shaft and drop 1 floor!
 58957 | Vaults:1 | Killed Droegar's ghost
 58965 | Vaults:1 | Killed Eldin's ghost
 58981 | Vaults:1 | Killed Lukheov's ghost
 59576 | Depths:3 | You fall into a shaft and drop 1 floor!
 59739 | Depths:4 | Found a gateway to a ziggurat.
 60035 | Depths:3 | Reached XP level 23. HP: 210/234 MP: 29/29
 60930 | Vaults:1 | Bought the +18 shield of the Gong {rElec rN+ MR+ EV-5} for
                  | 4378 gold pieces
 60930 | Vaults:1 | Found the +18 shield of the Gong {rElec rN+ MR+ EV-5}
 61115 | Depths:1 | Bought a ring of the Octopus King {rCorr AC+1 EV+1 Str+1
                  | Int+1 Dex+1} for 792 gold pieces
 61115 | Depths:1 | Found the ring of the Octopus King {rCorr AC+1 EV+1 Str+1
                  | Int+1 Dex+1}
 63574 | Depths:5 | Entered Level 5 of the Depths
 63774 | Depths:5 | Noticed Saint Roka
 63783 | Depths:5 | Noticed Mennas
 63826 | Depths:4 | Killed Mennas
 63891 | Depths:4 | Killed Saint Roka
 64878 | Depths:5 | Found a gate to the Realm of Zot.
 65247 | Crypt:1  | Entered Level 1 of the Crypt
 65580 | Crypt:1  | Reached skill level 27 in Fighting
 65629 | Crypt:1  | Reached XP level 24. HP: 200/249 MP: 29/29
 68584 | Crypt:3  | Entered Level 3 of the Crypt
 69245 | Crypt:3  | Found a staircase to the Tomb.
 69264 | Crypt:3  | Got a heavily runed graven amulet
 69301 | Crypt:3  | Identified the amulet of Ofag {rF+ rC+ Regen+ Str+2 Dex+2}
                  | (You found it on level 3 of the Crypt)
 69302 | Crypt:3  | Identified the ring of Faimue {rN+ Dex+3} (You found it on
                  | level 3 of the Crypt)
 70302 | Crypt:3  | Found an ancient bone altar of Kikubaaqudgha.
 70334 | Crypt:3  | Noticed an ancient lich
 70347 | Crypt:3  | Killed an ancient lich
 71948 | Vaults:5 | Entered Level 5 of the Vaults
 72005 | Vaults:5 | Reached XP level 25. HP: 174/257 MP: 30/30
 72360 | Vaults:5 | Identified the +8 dagger "Ifoorgh" {freeze, rElec rF++}
 73332 | Vaults:5 | Got a silver rune of Zot
 74146 | Vaults:5 | Identified the cursed +1 morningstar "Tiresyo" {vorpal,
                  | rElec Int+3 Dex-5} (You found it on level 5 of the Vaults)
 74194 | Vaults:5 | Identified the +7 mace "Nytaur" {venom, rN+ Str+2} (You
                  | found it on level 5 of the Vaults)
 74375 | Vaults:1 | Bought a heavily runed crystal plate armour for 3825 gold
                  | pieces
 74376 | Vaults:1 | Identified the cursed +1 crystal plate armour of the
                  | Sacrificial Victim {rElec rF++ Dex-3 Slay+3} (You bought it
                  | in a shop on level 1 of the Vaults)
 74702 | D:12     | Bought a potion of flight for 39 gold pieces
 74702 | D:12     | Bought a potion of mutation for 104 gold pieces
 74702 | D:12     | Bought a potion of mutation for 104 gold pieces
 74702 | D:12     | Bought a potion of flight for 39 gold pieces
 74702 | D:12     | Bought a potion of ambrosia for 104 gold pieces
 74810 | Lair:2   | Bought a scroll of brand weapon for 400 gold pieces
 74810 | Lair:2   | Bought a scroll of teleportation for 60 gold pieces
 75044 | Vaults:1 | Bought a potion of resistance for 190 gold pieces
 75397 | Zot:1    | Entered Level 1 of the Realm of Zot
 75821 | Zot:1    | Reached XP level 26. HP: 103/266 MP: 31/31
 75838 | Zot:1    | Reached skill level 15 in Throwing
 76960 | Zot:1    | Noticed Cyqimiab's ghost (legendary MfGl)
 76961 | Zot:1    | Found a runed translucent door.
 78482 | Zot:3    | Acquired the +0 pair of boots of Anaesthesia {rF++ rN+ MR+
                  | Dex-3}
 78486 | Zot:3    | Noticed an orb of fire
 78498 | Zot:3    | Gained mutation: Your spells are a little easier to cast,
                  | but a little less powerful. [an orb of fire]
 78522 | Zot:3    | Killed an orb of fire
 78690 | Zot:3    | Acquired 600 gold pieces
 80317 | Zot:4    | Found a runed translucent door.
 80430 | Zot:4    | Noticed Irempa's ghost (legendary GnFE)
 81246 | Zot:5    | Entered Level 5 of the Realm of Zot
 81331 | Zot:5    | Noticed an orb of fire
 81339 | Zot:5    | Reached XP level 27. HP: 253/273 MP: 31/31
 81350 | Zot:5    | Killed an orb of fire
 81439 | Zot:5    | Noticed an ancient lich
 81442 | Zot:5    | Noticed an orb of fire
 81452 | Zot:5    | Noticed an orb of fire
 81456 | Zot:5    | Killed an ancient lich
 81456 | Zot:5    | Gained mutation: You are clumsy. (Dex -2) [an orb of fire]
 81457 | Zot:5    | Killed an orb of fire
 81457 | Zot:5    | Noticed an ancient lich
 81459 | Zot:5    | Noticed an orb of fire
 81461 | Zot:5    | Noticed an orb of fire
 81463 | Zot:5    | Killed an orb of fire
 81465 | Zot:5    | Killed an orb of fire
 81465 | Zot:5    | Killed an orb of fire
 81465 | Zot:5    | Reached skill level 27 in Armour
 81476 | Zot:5    | Killed an ancient lich
 81477 | Zot:5    | Noticed an orb of fire
 81481 | Zot:5    | Noticed an ancient lich
 81501 | Zot:5    | Killed an orb of fire
 81508 | Zot:5    | Killed an ancient lich
 82195 | Zot:5    | Noticed an ancient lich
 82329 | Zot:5    | Noticed an ancient lich
 82348 | Zot:5    | Killed an ancient lich
 82419 | Zot:5    | Noticed an ancient lich
 82700 | Zot:5    | Got the Orb of Zot
 82822 | Depths:5 | Noticed Sott the pandemonium lord
 82876 | Depths:5 | Killed from afar by a Brimstone Fiend

Illustrated notes

Levels and vault maps discovered:
D:1:      shiori_arrival_whats_in_store_for_you, layout_loops_ring,
          minmay_unequal
D:2:      layout_basic, uniq_sigmund
D:3:      layout_basic, nicolae_overflow_crystal_walls,
          chequers_serial_rivers_large_a,
          nicolae_gozag_cash_rules_everything_around_me
D:4:      layout_basic, lemuel_coloured_pillars_altar,
          cheibrodos_sewer_entry_drain, nicolae_dithmenos_shadow_blocks
D:5:      layout_rooms, first_ration
D:6:      layout_cave_pods, minmay_temple_entry_tees
D:7:      layout_cave_pods, minmay_overflow_temple_star_hex,
          overflow_temple_1_default
D:8:      layout_basic, basic_altar, blue_anna_alchemist
          [blue_anna_fruit_fields, blue_anna_fruit_fields], uniq_grum,
          uniq_psyche, uniq_harold
D:9:      minmay_statue_hallways, layout_loops_corners,
          gammafunk_temple_overflow_forgotten, david_orc_3, basic_altar,
          nicolae_ru_awakened_eye, uniq_maurice
D:10:     layout_basic, david_lair_shrubbed, nicolae_trove_entry_free_sample,
          serial_shops, nicolae_shop_statue_plus, uniq_urug
D:11:     layout_grid_maze, uniq_erica
D:12:     layout_basic, serial_shops, nicolae_shop_stone,
          minmay_shattered_shrine
D:13:     layout_irregular_city, david_vaults_4
D:14:     minmay_clustersquares, layout_basic, minmay_misc_feat_nine_boxes,
          guppyfry_shop_venom, uniq_louise, uniq_roxanne, uniq_agnes
D:15:     grunt_enter_depths_hoard, layout_loops_ring
Temple:   grunt_temple_mini_profane
Lair:1:   dpeg_oklob_gauntlet, layout_regular_city, gammafunk_ghost_icy,
          hibernation_bobbens
Lair:2:   layout_gridlike, spider_nest_entry_rubble, lemuel_another_geyser,
          grunt_megastairs_3, serial_bayou_shore_a, serial_bayou_shore_b,
          lemuel_fruit_tree
Lair:3:   layout_misc_corridors, roderic_carrion_pond, uniq_snorg,
          uniq_nergalle, uniq_rupert
Lair:4:   minmay_lair_venomous_thicket, layout_regular_city, swamp_mist,
          ebering_ghost_reflecting_pool, uniq_nessos
Lair:5:   cheibrodos_lair_overgrown_chateau, layout_regular_city, uniq_sonja
Lair:6:   hangedman_lair_in_review, layout_regular_city, wormcave,
          minmay_slime_entry_pillars, serial_bayou_pond_a
Swamp:1:  layout_falls_marsh, hangedman_swamp_blocks, uniq_frances
Swamp:2:  layout_basic_swamp, nicolae_swamp_fairy_circle,
          nicolae_swamp_very_dense_foliage
Swamp:3:  layout_falls_marsh, infiniplex_staircase_pool_2, swamp_pool2
Swamp:4:  swamp_fiery, layout_basic_swamp, swamp_pool1, worms_lemuel, uniq_mara
Spider:1: layout_spider_delve
Spider:2: layout_spider_delve
Spider:3: layout_spider_delve, portal_ice_cave_entry_pillars_1, uniq_nikola
Spider:4: grunt_spider_rune_island
Orc:1:    layout_caves, uniq_jorgrun
Orc:2:    pf_orc_diabolical, layout_caves, nicolae_orc_stony_grotto, uniq_donald
Elf:1:    eino_elf_arrival_customs, layout_gridlike, serial_shops, shop,
          hangedman_elf_disciples
Elf:2:    layout_geoelf_grid
Elf:3:    elf_hall, layout_rooms, special_room [special_room_orc], minivault_25
Vaults:1: gammafunk_vaults_ghost_cemetery, v_alt_pattern_3, v_misc_3,
          nicolae_vaults_little_squares_4, grunt_vaults_funnel,
          ontoclasm_vaults_chip, ontoclasm_vaults_chip, vaults_mumra_hex,
          hangedman_vaults_nails, layout_vaults_big_room, serial_shops,
          nicolae_shop_statue_plus
Vaults:2: ontoclasm_vaults_spin, v_pattern_4, minmay_crypt_entry_simple_plaza,
          v_misc_28, v_misc_26, v_misc_25, v_alt_pattern_2,
          nicolae_vaults_halls_meeting, vaults_room_hallway,
          layout_vaults_omnigrid
Vaults:3: vaults_room_door_hall, v_misc_19, vaults_room_ringed_pool,
          ontoclasm_vaults_ring_square, vaults_standard_mumra_enter_the_diamond,
          v_rooms_4, v_misc_15, ontoclasm_vaults_ring_small, v_rooms_3,
          nicolae_vaults_little_squares_5, v_misc_19, vaults_room_semicircle,
          nicolae_vaults_sealed_display, layout_vaults_ring, serial_shops,
          nicolae_shop_trees, uniq_asterion
Vaults:4: v_misc_12, v_misc_25, nicolae_vaults_puzzle_piece,
          nicolae_vaults_network_quincunx
          [nicolae_vaults_network_quincunx_subvault,
          nicolae_vaults_network_quincunx_subvault,
          nicolae_vaults_network_quincunx_subvault,
          nicolae_vaults_network_quincunx_subvault,
          nicolae_vaults_network_quincunx_subvault], nicolae_vaults_big_ls,
          vaults_room_boxed, v_rooms_2, nicolae_vaults_little_ls,
          ontoclasm_vaults_tryst, vaults_room_pool, vaults_dpeg_encased_lava,
          layout_vaults_big_cross, uniq_margery
Vaults:5
Crypt:1:  layout_chaotic_city, grunt_megastairs_2
Crypt:2:  layout_catacombs, hangedman_weighted_door
Crypt:3:  quadcrypt_mu
Depths:1: layout_cave_pools, pan_entry, lightli_too_deep, serial_glass,
          glass_columns_a, glass_columns_a, glass_columns_c, glass_columns_b,
          glass_columns_a, glass_columns_a, glass_columns_b, glass_columns_a,
          serial_shops, nicolae_shop_statue_plus, minmay_stone_trees_medium,
          nooodl_orcs_dogs, minmay_shop_grove, uniq_sojobo
Depths:2: minmay_the_grid_triangle_9x9_rhombus_thin_mashed
          [minmay_the_grid_triangle_9x9_pentomino_pain,
          minmay_the_grid_triangle_9x9_prize_center,
          minmay_the_grid_triangle_9x9_intruding_spiral,
          minmay_the_grid_triangle_9x9_semitri], layout_cave_shapes,
          abyss_entry, minmay_crystal_room, hell_entry, grunt_pan_entry_sceptre,
          grunt_decor_arrowhead, kennysheep_generic_room_13
Depths:3: minmay_dotted_concentric_squares, layout_cross, hell_entry,
          grunt_pan_entry_spiral, serial_bayou_pond_d
Depths:4: minmay_imperfect_grid, layout_cave_pools, enter_ziggurat_a,
          rand_demon_pan_entry_7, grunt_hell_entry_dis_mu,
          nicolae_abyss_entry_one_way_or_another
Depths:5: evilmike_zot_entry_hall, layout_cave_pools, hell_entry,
          solitary_fountain, hangedman_decor_growths, nooodl_food_tri,
          uniq_mennas, uniq_saint_roka
Zot:1:    layout_gridville, gammafunk_ghost_grave
Zot:2:    layout_basic
Zot:3:    layout_cellular_growth
Zot:4:    layout_basic, ebering_ghost_inner_flame
Zot:5:    layout_misc_corridors

Skill      XL: |  1  2  3  4  5  6  7  8  9 10 11 12 13 14 15 16 17 18 19 20 21 22 23 24 25 26 27 |
---------------+----------------------------------------------------------------------------------+-----
Long Blades    | 3 5 6 8 10 12 13 14 15 17 18 | 18.6
Armour         | 4 5 6 7 9 10 11 13 14 15 16 22 23 25 27 | 27.0
Shields        | 4 5 6 7 9 10 11 13 14 15 16 17 18 19 21 | 21.0
Fighting       | 4 5 7 8 10 11 14 16 18 19 20 21 23 25 27 | 27.0
Throwing       | 2 3 4 6 7 8 9 10 12 14 15 | 15.0
Evocations     | 2 4 5 7 8 10 11 12 | 12.0
Dodging        | 3 5 6 8 11 12 14 15 17 18 19 20 21 | 21.8
Short Blades   | 1 4 7 8 |  8.8
Slings         | 2 5 6 9 10 | 10.5

Action                   |  1- 3 |  4- 6 |  7- 9 | 10-12 | 13-15 | 16-18 | 19-21 | 22-24 | 25-27 || total
-------------------------+-------+-------+-------+-------+-------+-------+-------+-------+-------++-------
Melee: Long sword        |   112 |   148 |   392 |   817 |       |       |    37 |   215 |   447 ||  2168
       Headbutt          |    19 |    26 |    55 |   229 |   456 |   431 |   396 |   611 |   558 ||  2781
       Rapier            |       |       |       |    15 |    16 |       |       |       |       ||    31
       Scimitar          |       |       |       |    21 |  1538 |   141 |    93 |   743 |    68 ||  2604
       Falchion          |       |       |       |       |    32 |       |       |       |       ||    32
       Short sword       |       |       |       |       |     6 |       |       |       |       ||     6
       Double sword      |       |       |       |       |     7 |   636 |   365 |   146 |   297 ||  1451
       Demon blade       |       |       |       |       |       |   821 |   829 |   478 |   551 ||  2679
 Fire: Hunting sling     |       |       |       |       |       |    22 |   576 |   402 |   201 ||  1201
Throw: Dart              |       |    10 |     8 |   101 |    30 |     6 |     1 |       |     1 ||   157
       Javelin           |       |     2 |       |     4 |       |     8 |     2 |     7 |    39 ||    62
       Boomerang         |       |       |       |     8 |   139 |    74 |    16 |    48 |    48 ||   333
       Throwing net      |       |       |       |     5 |     6 |     1 |       |       |       ||    12
Invok: Potion Petition   |       |       |       |     2 |     6 |     2 |       |     1 |     1 ||    12
       Call Merchant     |       |       |       |     1 |     1 |     3 |     1 |       |       ||     6
       Bribe Branch      |       |       |       |       |       |       |       |       |     2 ||     2
 Abil: Evoke Blink       |       |       |       |       |       |       |       |     1 |       ||     1
       Stop Flying       |       |       |       |       |       |       |       |       |     1 ||     1
Evoke: Wand              |       |       |       |    14 |    15 |     3 |     6 |     2 |    20 ||    60
       Phial of floods   |       |       |       |       |     1 |       |       |       |       ||     1
       Box of beasts     |       |       |       |       |       |     1 |       |       |     1 ||     2
  Use: Scroll            |     6 |     8 |     9 |     8 |    16 |    14 |    14 |    11 |    25 ||   111
       Potion            |       |     1 |     7 |     6 |     5 |     2 |     3 |     5 |    10 ||    39
 Stab: Distracted        |       |       |     2 |     3 |     9 |     5 |     8 |    16 |    14 ||    57
       Sleeping          |       |       |       |     2 |     2 |       |       |       |    12 ||    16
       Held in net/web   |       |       |       |     4 |     2 |       |       |       |       ||     6
       Paralysed         |       |       |       |     5 |    10 |       |       |       |       ||    15
       Invisible         |       |       |       |       |       |       |       |       |     2 ||     2
  Eat: Chunk             |     1 |     6 |     3 |     2 |       |       |       |       |       ||    12
       Ration            |       |       |     4 |     7 |    14 |    13 |    12 |    17 |     9 ||    76
Armor: Scale mail        |    53 |    64 |   104 |   178 |    42 |       |    52 |    87 |       ||   580
       Skin              |       |       |    27 |       |       |       |       |       |       ||    27
       Chain mail        |       |       |       |    36 |   300 |   329 |       |       |       ||   665
       Plate armour      |       |       |       |       |       |    49 |   243 |   170 |    48 ||   510
       Crystal plate arm |       |       |       |       |       |       |       |       |   233 ||   233
Dodge: Dodged            |    24 |    46 |    79 |   154 |   391 |   531 |   381 |   366 |   275 ||  2247
       Repelled          |       |       |       |       |       |       |       |       |    12 ||    12
Block: Kite shield       |    65 |    88 |   263 |   287 |   564 |   928 |   840 |  1468 |  1486 ||  5989
       Reflection        |       |       |     8 |    15 |    20 |    42 |    90 |    42 |       ||   217
       Buckler           |       |       |       |   236 |   186 |       |       |       |       ||   422
       Rpst.: Long sword |     6 |    10 |    18 |    37 |       |       |     3 |    33 |    20 ||   127
       Scimitar          |       |       |       |     1 |    86 |     9 |     6 |    43 |     6 ||   151
       Double sword      |       |       |       |       |     1 |    48 |    23 |     4 |    21 ||    97
       Falchion          |       |       |       |       |     1 |       |       |       |       ||     1
       Demon blade       |       |       |       |       |       |    39 |    48 |    29 |    19 ||   135
       Hunting sling     |       |       |       |       |       |       |     2 |       |     2 ||     4
